 Dungeon Crawl Stone Soup version 0.23.1 (webtiles) character file.

Game seed: 6864613204498722709

51 Lusmu the Skirmisher (level 3, -4/33 HPs)
             Began as a Ghoul Abyssal Knight on Mar 15, 2019.
             Was a Follower of Lugonu.
             Slain by Sigmund
             ... wielding a +0 scythe
              (7 damage)
             ... on level 2 of the Dungeon.
             The game lasted 00:03:45 (1514 turns).

Lusmu the Skirmisher (Ghoul Abyssal Knight)         Turns: 1514, Time: 00:03:45

Health: -4/33      AC:  4    Str: 15    XL:     3   Next: 81%
Magic:  3/3        EV: 11    Int:  8    God:    Lugonu [*.....]
Gold:   34         SH:  0    Dex:  8    Spells: 2/2 levels left

rFire    . . .     SeeInvis .   a - +1 falchion
rCold    + . .     Gourm    .   (no shield)
rNeg     + + +     Faith    .   b - +0 leather armour
rPois    ∞         Spirit   .   (no helmet)
rElec    .         Reflect  .   (no cloak)
rCorr    .         Harm     .   (no gloves)
MR       .....                  j - +0 pair of boots
Stlth    ..........             (no amulet)
HPRegen  0.00/turn              (no ring)
MPRegen  0.08/turn              (no ring)

@: confused, rotting
A: rotting body, claws 1, carnivore, cold resistance 1, negative energy
resistance 3, inhibited regeneration, torment resistance, unbreathing
a: Depart the Abyss, Renounce Religion


You were on level 2 of the Dungeon.
You worshipped Lugonu.
Lugonu was aware of your devotion.
You were not hungry.

You visited 1 branch of the dungeon, and saw 2 of its levels.
You visited the Abyss 1 time.

You collected 34 gold pieces.

Inventory:

Hand Weapons
 a - a +1 falchion (weapon)
Missiles
 l - 3 tomahawks (quivered)
Armour
 b - a +0 leather armour (worn)
 j - a +0 pair of boots (worn)
Scrolls
 d - 2 scrolls of identify {unknown}
 e - a scroll of amnesia {unknown}
 g - a scroll of magic mapping {unknown}
 h - a scroll of enchant armour {unknown}
 i - 2 scrolls of fog {unknown}
Comestibles
 c - 5 rations
 k - 3 chunks of flesh


   Skills:
 + Level 4.2 Fighting
 + Level 2.7 Long Blades
 - Level 1.9 Armour
 - Level 0.8 Dodging
 - Level 2.0 Invocations


You had 2 spell levels left.
You didn't know any spells.
Your spell library was empty.

Dungeon Overview and Level Annotations

Branches:
Dungeon (2/15)

Altars:

Annotations:
D:2 Sigmund


Innate Abilities, Weirdness & Mutations

Your body is rotting away.
You thrive on raw meat.
You are immune to poison.
You have sharp fingernails.
You are carnivorous and can eat meat at any time.
Your flesh is cold resistant. (rC+)
You are immune to negative energy. (rN+++)
You do not regenerate when monsters are visible.
You are immune to unholy pain and torment.
You can survive without breathing.


Message History

Sigmund is moderately wounded.
Sigmund barely misses you.
You hit Sigmund.
Sigmund is heavily wounded.
Sigmund casts a spell at you.
You are more confused.
You closely miss Sigmund.
Sigmund is heavily wounded.
Sigmund hits you with a +0 scythe!
* * * LOW HITPOINT WARNING * * *
You miss Sigmund.
Sigmund is heavily wounded.
Sigmund barely misses you.
You bump into the rock wall.
Sigmund closely misses you.
You barely miss Sigmund.
Sigmund is heavily wounded.
You barely miss Sigmund.
Sigmund is heavily wounded.
Sigmund hits you with a +0 scythe!
You die...

######### .
#.......[ ...
#...>....
.....
##........
.....##.@##.##
........@....#
.)...........#
...##........#
..(##........#
............#
...#........#
..##........#
.. #........#


You could see Sigmund.

Vanquished Creatures
  An adder (D:1)
  A worm (D:2)
  A dart slug (D:1)
  4 giant cockroaches
  7 goblins
  6 hobgoblins
  4 jackals
  A ball python (D:2)
  2 bats
  2 frilled lizards
  2 kobolds (D:1)
  A rat (D:2)
32 creatures vanquished.

Notes
Turn   | Place    | Note
-------+----------+-------------------------------------------
     0 | Abyss:1  | Lusmu the Ghoul Abyssal Knight began the quest for the Orb.
     0 | Abyss:1  | Reached XP level 1. HP: 19/19 MP: 1/1
    61 | D:1      | Escaped the Abyss
   448 | D:1      | Reached XP level 2. HP: 26/26 MP: 2/2
  1130 | D:2      | Reached XP level 3. HP: 23/33 MP: 3/3
  1133 | D:2      | Reached skill level 4 in Fighting
  1488 | D:2      | Noticed Sigmund
  1514 | D:2      | Slain by Sigmund

Skill      XL: |  1  2  3 |
---------------+----------+-----
Long Blades    | 2 |  2.7
Fighting       | 4 |  4.2
Armour         | |  1.9
Dodging        | |  0.8
Invocations    | |  2.0

Action                   || total
-------------------------++-------
Melee: Falchion          ||   109
  Use: Potion            ||     1
  Eat: Chunk             ||     5
Armor: Leather armour    ||    56
Dodge: Dodged            ||   106
       Rpst.: Falchion   ||    30
